Map: Orbital Shipyard

Players

ILLBdA

  • Race: Protoss Protoss
  • League: Diamond

비굴 - Winner!

  • Race: Terran Terran
  • League: Diamond

VOD

Have the link to the VOD?

Description

Time

  • Played on: Dec. 22, 2015, 10:49 a.m.
  • Length: 12:07
Show
View Real Time Build Order
Export as new Build Order

ILLBdA Protoss 

Build Orders: 1 Gate Expand 

Get SALT Encoding   

  12  0:01  Probe (Chrono Boost)  
  13  0:11  Probe (Chrono Boost)  
  14  0:21  Pylon  
  14  0:22  Probe (Chrono Boost)  
  15  0:39  Probe (Chrono Boost)  
  15  0:40  Gateway  
  15  0:42  Assimilator  
  16  0:49  Probe (Chrono Boost)  
  17  1:00  Probe (Chrono Boost)  
  18  1:11  Probe (Chrono Boost)  
  19  1:19  Nexus  
  19  1:22  Probe (Chrono Boost)  
  20  1:35  Cybernetics Core  
  20  1:39  Probe (Chrono Boost)  
  21  1:40  Assimilator  
  21  1:50  Probe (Chrono Boost)  
  21  1:53  Pylon  
  22  2:00  Probe (Chrono Boost)  
  23  2:11  Stalker (Chrono Boost), Probe (Chrono Boost)  
  23  2:12  Warp Gate  
  26  2:23  Mothership Core (Chrono Boost)  
  28  2:30  Pylon  
  28  2:43  Stalker (Chrono Boost)  
  29  2:45  Probe  
  29  2:47  Probe  
  31  2:56  Robotics Facility  
  31  2:58  Probe x2 (Chrono Boost)  
  33  3:09  Probe x2 (Chrono Boost)  
  35  3:15  Adept  
  35  3:19  Probe (Chrono Boost)  
  38  3:20  Probe (Chrono Boost)  
  39  3:30  Probe (Chrono Boost), Pylon  
  39  3:31  Probe (Chrono Boost)  
  41  3:40  Probe (Chrono Boost)  
  43  3:41  Probe (Chrono Boost)  
  43  3:42  Sentry  
  44  3:54  Gateway  
  44  3:56  Gateway  
  44  4:02  Gateway x2  
  44  4:04  Gateway  
  44  4:08  Warp Prism (Chrono Boost)  
  46  4:18  Pylon  
  46  4:19  Sentry  
  48  4:36  Probe  
  49  4:43  Gateway  
  49  4:44  Gateway  
  49  4:56  Pylon  
  49  4:58  Pylon  
  49  5:01  Probe  
  50  5:14  Probe  
  51  5:19  Immortal (Chrono Boost)  
  51  5:40  Adept x3  
  51  5:41  Adept x3  
  63  5:43  Probe  
  63  5:47  Assimilator  
  58  5:50  Assimilator  
  58  5:54  Immortal (Chrono Boost)  
  58  5:56  Twilight Council  
  62  6:09  Zealot x3  
  62  6:10  Zealot x4  
  76  6:24  Immortal (Chrono Boost)  
  76  6:26  Forge  
  76  6:30  Charge (Chrono Boost)  
  80  6:35  Zealot x3  
  84  6:40  Pylon  
  84  6:44  Probe x2  
  86  6:48  Pylon  
  86  6:51  Pylon  
  86  6:59  Zealot x4  
  93  7:13  Stalker x2  
  97  7:24  Observer  
  97  7:25  Probe  
  97  7:26  Templar Archives  
  99  7:31  Pylon  
  99  7:35  Zealot  
  101  7:39  Probe  
  102  7:45  Pylon  
  102  7:46  Protoss Ground Armor Level 1 (Chrono Boost)  
  102  7:49  Observer  
  103  7:57  Psionic Storm  
  103  7:58  Pylon  
  103  8:03  High Templar  
  103  8:04  Zealot  
  103  8:05  Zealot x2  
  111  8:10  High Templar  
  113  8:16  Zealot x2  
  117  8:25  Zealot, High Templar  
  121  8:28  Zealot x2  
  125  8:40  Observer (Chrono Boost)  
  119  8:47  Stalker  
  115  9:03  Pylon  
  115  9:07  Pylon  
  115  9:09  Pylon  
  115  9:16  Pylon x2  
  115  9:24  High Templar  
  121  9:32  Warp Prism (Chrono Boost)  
  121  9:33  High Templar  
  121  9:34  Zealot x3  
  127  9:51  Zealot x3  
  133  9:58  High Templar  
  133  9:59  Zealot  
  137  10:00  Zealot  
  131  10:28  Mothership Core (Chrono Boost)  
  127  10:29  Zealot x2  
  127  10:30  Zealot  
  125  10:38  Archon  
  107  10:43  High Templar x2  
  107  10:44  Zealot  
  111  10:51  Zealot  
  111  10:52  Zealot x2  
  117  11:03  Observer  
  112  11:06  Zealot  
  112  11:10  High Templar  
  116  11:12  Zealot x2  
  116  11:14  Zealot  
  116  11:17  Cybernetics Core  
  112  11:39  Observer  
  85  11:44  Zealot x5  
  85  11:45  Zealot  
Show
View Real Time Build Order
Export as new Build Order

비굴 Terran - Winner!

Build Orders: Reaper Expand, MMM Bio 

Get SALT Encoding   

  12  0:00  SCV  
  13  0:13  SCV  
  14  0:18  Supply Depot  
  14  0:25  SCV  
  15  0:40  SCV, Barracks  
  16  0:46  Refinery  
  16  0:52  SCV  
  17  1:04  SCV  
  18  1:16  SCV  
  19  1:28  Orbital Command  
  19  1:31  Reaper  
  20  1:47  Command Center  
  20  1:55  SCV  
  20  1:59  Refinery  
  21  2:03  Barracks Reactor  
  21  2:08  Supply Depot  
  21  2:09  SCV  
  22  2:22  Barracks  
  22  2:26  Barracks  
  22  2:29  SCV  
  23  2:41  SCV  
  24  2:51  Marine x2  
  24  2:54  SCV  
  27  3:01  Orbital Command  
  27  3:06  SCV  
  27  3:07  Factory  
  27  3:09  Marine  
  27  3:12  Barracks Tech Lab  
  29  3:15  Barracks Tech Lab  
  29  3:19  SCV  
  30  3:28  SCV  
  30  3:33  SCV  
  32  3:34  Combat Shields, Stimpack  
  32  3:36  Marine  
  32  3:40  SCV  
  34  3:45  SCV  
  35  3:51  Marine x2  
  37  4:00  SCV, Factory Reactor  
  38  4:03  Starport  
  38  4:04  Supply Depot  
  38  4:05  SCV  
  39  4:11  Engineering Bay  
  39  4:12  SCV  
  39  4:13  Marine  
  41  4:21  Marauder x2  
  45  4:24  SCV  
  45  4:25  SCV  
  45  4:30  Supply Depot  
  47  4:36  Marine x2  
  47  4:37  SCV  
  50  4:43  Missile Turret  
  50  4:48  Missile Turret  
  50  4:50  SCV x2  
  50  4:51  Missile Turret  
  52  4:58  Refinery, Medivac x2  
  56  5:03  SCV  
  57  5:09  Missile Turret  
  57  5:10  Marine x3  
  60  5:16  SCV x2  
  60  5:20  Supply Depot  
  60  5:21  Supply Depot  
  62  5:24  Refinery  
  61  5:38  Marine  
  61  5:39  Marauder  
  61  5:42  Marauder, Marine  
  65  5:48  SCV  
  65  5:49  SCV  
  67  5:56  Refinery, Missile Turret, Marine  
  68  6:00  SCV, Marauder, Factory Reactor, Marine  
  68  6:01  SCV  
  68  6:03  Marine  
  74  6:04  Medivac  
  74  6:11  Supply Depot x2  
  76  6:13  SCV  
  76  6:14  Terran Infantry Weapons Level 1  
  77  6:32  Marauder x2, Marine  
  82  6:41  Marine  
  82  6:44  Medivac  
  82  6:45  Command Center  
  82  6:46  Widow Mine  
  87  6:47  Widow Mine  
  87  6:50  Marine  
  94  6:54  Marauder x2  
  88  7:18  Marauder x2, Marine x2  
  94  7:24  Barracks x2  
  94  7:26  Supply Depot x2, Barracks  
  94  7:36  Supply Depot  
  94  7:37  Supply Depot  
  94  7:47  Medivac x2, Marine  
  94  7:48  SCV x2, Marine x2  
  103  8:00  SCV x2  
  103  8:02  Marauder  
  103  8:03  Widow Mine  
  103  8:05  Marine  
  109  8:06  Orbital Command  
  109  8:12  SCV x2  
  112  8:14  Marauder  
  112  8:16  Barracks Tech Lab  
  112  8:18  Barracks Reactor  
  112  8:19  Barracks Reactor  
  114  8:24  SCV, Refinery  
  114  8:26  Liberator x2  
  107  8:42  Marauder  
  107  8:43  Marauder  
  115  8:49  Marauder, Marine  
  115  8:51  SCV  
  117  8:56  Refinery  
  113  9:03  SCV  
  113  9:04  Widow Mine x2, Marauder  
  113  9:09  Supply Depot  
  120  9:10  Supply Depot  
  120  9:11  SCV  
  120  9:15  Engineering Bay  
  121  9:17  Armory  
  121  9:19  Terran Infantry Armor Level 1  
  121  9:21  SCV  
  121  9:23  SCV  
  123  9:26  Marine, Medivac x2  
  123  9:27  Marauder, Marine x3  
  133  9:37  Marauder x2, Marine x2  
  139  9:46  Supply Depot  
  139  9:47  Marine x2  
  139  9:48  Marauder  
  139  9:49  Concussive Shells  
  139  9:50  Widow Mine x2  
  147  9:53  SCV  
  147  9:58  Marauder  
  147  9:59  Marine x2  
  153  10:00  Marauder, Marine x2  
  155  10:21  Liberator x2  
  144  10:33  Marauder x2, Marine x5  
  144  10:34  Marine x2  
  146  10:35  SCV  
  146  10:37  Widow Mine x2  
  146  10:39  Command Center  
  122  10:47  SCV  
  111  10:52  Marauder  
  111  10:54  Marine x3  
  111  10:55  Marauder x2  
  120  11:04  Liberator x2  
  120  11:08  Marine x3  
  123  11:14  Supply Depot, Marauder  
  123  11:15  Supply Depot  
  123  11:16  Marauder  
  118  11:46  Marine x4  
  118  11:47  Marine x2  
Tags
 
Add a new tag
Caveats
  • Supply blocks, unpowered buildings, or Contaminate may cause inaccurate times.
  • Supply counts are checked every 10 seconds.